 Dungeon Crawl Stone Soup version 0.18.1-48-g4cf74bf (webtiles) character file.

60060 Gagarin the Impaler (level 14, 0/132 HPs)
             Began as a Minotaur Gladiator on July 14, 2016.
             Was the Champion of Trog.
             Slain by a seven-headed hydra (14 damage)
             ... on level 8 of the Lair of Beasts.
             The game lasted 01:14:13 (21915 turns).

Gagarin the Impaler (Minotaur Gladiator)           Turns: 21915, Time: 01:14:14

Health: 0/132      AC: 13    Str: 24    XL:     14   Next: 55%
Magic:  13/13      EV: 19    Int:  6    God:    Trog [******]
Gold:   1370       SH:  0    Dex: 13    Spells: 0 memorised, 13 levels left

rFire  + . .     SeeInvis .     T - +4 demon trident (elec)
rCold  . . .     Gourm    .     J - +1 leather armour {rF+}
rNeg   . . .     Faith    +     (no shield)
rPois  .         Spirit   .     c - +0 hat
rElec  .         Dismiss  .     n - +0 cloak
rCorr  .         Reflect  .     H - +0 pair of gloves
SustAt .         Harm     .     O - +0 pair of boots
MR     +++..                    v - amulet of faith
Stlth  +++.......               o - +4 ring of protection
                                V - +2 ring of strength

@: exhausted, regenerating, slowed, very slow, extremely resistant to hostile
enchantments, fairly stealthy
A: retaliatory headbutt, horns 2
a: Berserk, Trog's Hand, Brothers in Arms, Burn Spellbooks, Renounce Religion


You were on level 8 of the Lair of Beasts.
You worshipped Trog.
Trog was exalted by your worship.
You were very hungry.

You visited 2 branches of the dungeon, and saw 18 of its levels.

You collected 1420 gold pieces.
You spent 50 gold pieces at shops.

Inventory:

Hand Weapons
 b - a +3 spear of piercing
 r - a +3 antimagic halberd
 w - a +3 antimagic halberd
 z - the +6 hand crossbow of Tartarus {flame, +Fly MP-9 Int+4}
   (You found it on level 5 of the Dungeon)

   It causes projectiles fired from it to burn those they strike, causing extra
   injury to most foes and up to half again as much damage against particularly
   susceptible opponents.
   It affects your intelligence (+4).
   It affects your magic capacity (-9).
   It lets you fly.
 B - a +4 bardiche of chopping
 G - a +0 arbalest of flaming
 T - a +4 demon trident of electrocution (weapon)
Missiles
 d - 2 throwing nets (quivered)
 m - 143 bolts
Armour
 c - a +0 hat (worn)
 n - a +0 cloak (worn)
 H - a +0 pair of gloves (worn)
 J - a +1 leather armour of fire resistance (worn)
 O - a +0 pair of boots (worn)
Rods
 Y - a +1 iron rod (15/15)
   (You found it on level 1 of the Lair of Beasts)
Jewellery
 j - an uncursed amulet of guardian spirit {unknown}
 o - a +4 ring of protection (right hand)
 v - an amulet of faith (around neck)
 E - an uncursed ring of stealth
 K - an uncursed ring of stealth
 V - a +2 ring of strength (left hand)
Wands
 a - a wand of iceblast (11/15)
 i - a wand of flame (35/48)
 l - a wand of lightning (12/15)
 Z - a wand of enslavement (9/24)
Scrolls
 e - 4 scrolls of teleportation
 g - 7 scrolls of identify
 k - 2 scrolls of blinking
 p - 10 scrolls of remove curse
 q - 2 scrolls of recharging
 t - 3 scrolls of magic mapping
 D - 3 scrolls of fog
Potions
 u - 2 potions of might
 x - a potion of agility
 C - 2 potions of curing
 F - a potion of lignification {unknown}
 I - 3 potions of flight {unknown}
 N - a potion of invisibility {unknown}
 Q - a potion of ambrosia {unknown}
 X - a potion of magic {unknown}
Miscellaneous
 y - a stone of tremors
 R - a plain deck of defence
Comestibles
 f - 12 bread rations
 h - 8 meat rations
 s - 10 chunks of flesh
 A - 12 royal jellies


   Skills:
 + Level 14.2 Fighting
 + Level 17.4 Polearms
 + Level 5.3 Crossbows
 + Level 3.4 Throwing
 + Level 8.2 Armour
 + Level 13.6 Dodging
 + Level 7.4 Stealth


You had 13 spell levels left.
You didn't know any spells.

Dungeon Overview and Level Annotations

Branches:
Dungeon (10/15)            Temple (0/1) D:6            Lair (8/8) D:9
  Swamp (0/4) Lair:4        Snake (0/4) Lair:4        Slime (0/6) Lair:6
    Orc (0/2) D:10

Altars:
Ashenzari
Cheibriados
Elyvilon
Fedhas
Gozag
Kikubaaqudgha
Nemelex Xobeh
Pakellas
Ru
Trog
Vehumet
Xom
Yredelemnul
Zin
Jiyva

Shops:
D:9 *

Annotations:
D:9 exclusion: ice statue


Innate Abilities, Weirdness & Mutations

You reflexively headbutt those who attack you in melee.
You have a pair of horns on your head.


Message History

The seven-headed hydra is severely wounded.
The seven-headed hydra bites you! The seven-headed hydra misses you.
The seven-headed hydra bites you!
* * * LOW HITPOINT WARNING * * *
The seven-headed hydra bites you.
* * * LOW HITPOINT WARNING * * *
The seven-headed hydra bites you!
* * * LOW HITPOINT WARNING * * *
The seven-headed hydra closely misses you. x2
Drink which item? (? for menu, Esc to quit)
Okay, then.
Your skin crawls.
You feel resistant to hostile enchantments.
You feel slightly more hungry.
The seven-headed hydra barely misses you.
You furiously retaliate!
You headbutt the seven-headed hydra! The seven-headed hydra misses you.
The seven-headed hydra bites you but does no damage.
The seven-headed hydra bites you!
You die...

####### ### ###
##..##.####PP####.####
##........#.PPP.PP..P.#
#..........P..PPP....P##
###.....................#
####........#...@D....###
.# #.P.....###........###
# #P÷.....####.........# #
###..###..#.###....### ##
###...#..#.## #......## P.
#.....##....###.......#
####.....#....##.#....####
###........##.#........##
##.........###........P.##


You could see a seven-headed hydra.

Vanquished Creatures
  Maud (Lair:4)
  Josephine (Lair:4)
  Fannar (Lair:3)
  10 hydras
  The ghost of junkhipster the Basher, a journeyman GrFi of Cheibriados (D:10)
  2 death yaks (Lair:8)
  Nergalle (Lair:2)
  An oklob plant (Lair:1)
  A griffon (Lair:5)
  Joseph (D:8)
  13 elephants
  5 black mambas
  2 torpor snails (Lair:7)
  8 komodo dragons
  13 spiny frogs
  3 rime drakes
  2 trolls
  3 giant leeches (Lair:4)
  9 polar bears
  Grinder (D:5)
  2 raiju (Lair:8)
  A boulder beetle (Lair:7)
  12 blink frogs
  3 wraiths (Lair:4)
  A wyvern (Lair:8)
  5 basilisks
  49 yaks
  15 hippogriffs
  A human (D:7)
  2 hungry ghosts
  Menkaure (D:6)
  5 wargs (Lair:8)
  8 hell hounds (Lair:8)
  15 water moccasins
  A swamp worm (Lair:4)
  9 porcupines
  6 ice beasts
  2 sky beasts
  2 orc warriors
  16 black bears
  A necrophage (D:10)
  30 wolves
  7 ogres
  3 centaurs
  6 big kobolds
  6 crocodiles
  17 giant frogs
  2 scorpions
  11 wights
  3 electric eels (D:6)
  6 jellies
  A crimson imp (D:7)
  A giant frog zombie (D:9)
  17 hounds
  2 centaur skeletons
  2 giant frog skeletons
  7 orc priests
  8 iguanas
  7 orc wizards
  6 worker ants
  Terence (D:3)
  6 sheep
  2 hound zombies (D:8)
  A worker ant zombie (D:10)
  2 gnolls (D:6)
  83 river rats
  10 adders
  4 shadow imps
  3 oozes (D:1)
  An adder skeleton (D:5)
  An adder zombie (D:7)
  4 dart slugs
  9 worms
  2 giant geckos
  35 orcs
  5 bats
  6 giant cockroaches
  6 goblins
  11 hobgoblins
  22 jackals
  4 quokkas
  A giant cockroach zombie (D:5)
  A giant gecko zombie (D:6)
  8 giant newts
  71 kobolds
  A quokka zombie (D:7)
  9 rats
  A spectral orc (D:9)
  A plant (Lair:8)
689 creatures vanquished.

Vanquished Creatures (collateral kills)
  Rupert (Lair:3)
  An unseen horror (D:10)
  An orc priest (D:10)
  An orc (D:10)
4 creatures vanquished.

Vanquished Creatures (others)
  A hound (Lair:8)
  14 fungi
  17 plants
32 creatures vanquished.

Grand Total: 725 creatures vanquished

Notes
Turn   | Place    | Note
--------------------------------------------------------------
     0 | D:1      | Gagarin the Minotaur Gladiator began the quest for the Orb.
     0 | D:1      | Reached XP level 1. HP: 18/18 MP: 0/0
   206 | D:1      | Reached XP level 2. HP: 25/25 MP: 1/1
   312 | D:1      | Reached skill level 4 in Polearms
   342 | D:1      | Reached XP level 3. HP: 25/30 MP: 2/2
   799 | D:2      | Reached skill level 1 in Armour
  1008 | D:2      | Noticed a moth of wrath
  1011 | D:2      | Found a bloodstained altar of Trog.
  1014 | D:2      | Reached XP level 4. HP: 37/37 MP: 3/3
  1077 | D:2      | Became a worshipper of Trog the Wrathful
  1492 | D:3      | Noticed Terence
  1500 | D:3      | Killed Terence
  1604 | D:3      | Reached XP level 5. HP: 34/44 MP: 4/4
  1616 | D:3      | Reached skill level 5 in Polearms
  1777 | D:3      | Reached * piety under Trog
  2117 | D:3      | Found a sparkling altar of Nemelex Xobeh.
  2117 | D:3      | Found an opulent altar of Gozag.
  2153 | D:4      | Noticed an ogre
  2163 | D:4      | Killed an ogre
  2163 | D:4      | Reached skill level 5 in Dodging
  2163 | D:4      | Reached XP level 6. HP: 51/51 MP: 5/5
  3248 | D:5      | Entered Level 5 of the Dungeon
  3299 | D:5      | Found a shimmering altar of Xom.
  3300 | D:5      | Found a shimmering altar of Xom.
  3463 | D:5      | Noticed an ice beast
  3471 | D:5      | Killed an ice beast
  3471 | D:5      | Reached skill level 6 in Polearms
  3471 | D:5      | Reached skill level 1 in Stealth
  3486 | D:5      | Got a scorched hand crossbow
  3487 | D:5      | Identified the +6 hand crossbow of Tartarus {flame, +Fly MP-9 Int+4} (You found it on level 5 of the Dungeon)
  3590 | D:5      | Noticed Grinder
  3600 | D:5      | Paralysed by Grinder for 3 turns
  3608 | D:5      | Killed Grinder
  3608 | D:5      | Reached XP level 7. HP: 17/60 MP: 6/6
  4287 | D:6      | Reached ** piety under Trog
  4298 | D:6      | Reached skill level 5 in Fighting
  4559 | D:6      | Reached XP level 8. HP: 60/69 MP: 7/7
  4605 | D:6      | Noticed Menkaure
  4610 | D:6      | Killed Menkaure
  4686 | D:6      | Reached skill level 7 in Polearms
  4700 | D:6      | Found a staircase to the Ecumenical Temple.
  5367 | D:6      | Reached *** piety under Trog
  5724 | D:6      | Reached skill level 8 in Polearms
  5724 | D:6      | Reached skill level 5 in Armour
  5740 | D:6      | Reached **** piety under Trog
  5831 | D:6      | Reached XP level 9. HP: 58/78 MP: 8/8
  5928 | D:6      | Found a snail-covered altar of Cheibriados.
  5928 | D:6      | Found a sacrificial altar of Ru.
  6301 | D:7      | Found a white marble altar of Elyvilon.
  6330 | D:7      | Found a blossoming altar of Fedhas.
  6368 | D:7      | Reached skill level 1 in Crossbows
  6741 | D:6      | Found a shattered altar of Ashenzari.
  6741 | D:6      | Found a glowing silver altar of Zin.
  7065 | D:7      | Reached skill level 9 in Polearms
  7615 | D:8      | Noticed Joseph
  7632 | D:8      | Killed Joseph
  7632 | D:8      | Reached XP level 10. HP: 88/88 MP: 9/9
  7778 | D:8      | Reached ***** piety under Trog
  7796 | D:8      | Reached skill level 10 in Polearms
  8358 | D:8      | Found an ancient bone altar of Kikubaaqudgha.
  8361 | D:8      | Found an oddly glowing altar of Pakellas.
  8361 | D:8      | Found a radiant altar of Vehumet.
  9135 | D:9      | Noticed an ice statue
  9352 | D:9      | Found Barearr's Assorted Antiques.
  9428 | D:9      | Bought a scroll of identify for 50 gold pieces
  9612 | D:9      | Reached skill level 11 in Polearms
  9701 | D:9      | Found a basalt altar of Yredelemnul.
  9850 | D:9      | Found a staircase to the Lair.
 10539 | D:10     | Entered Level 10 of the Dungeon
 10686 | D:10     | Noticed junkhipster's ghost (journeyman GrFi)
 10687 | D:10     | Found a shattered altar of Ashenzari.
 10736 | D:10     | Killed junkhipster's ghost
 11009 | D:10     | HP: 1/91 [something (4)]
 11010 | D:10     | Killed an unseen horror
 11047 | D:10     | Reached XP level 11. HP: 32/97 MP: 10/10
 11415 | D:10     | Found a staircase to the Orcish Mines.
 11617 | Lair:1   | Entered Level 1 of the Lair of Beasts
 11617 | Lair:1   | Noticed an oklob plant
 11634 | Lair:1   | Killed an oklob plant
 11680 | Lair:1   | Received a gift from Trog
 11992 | Lair:1   | Reached skill level 10 in Dodging
 12139 | Lair:1   | Reached skill level 12 in Polearms
 12393 | Lair:2   | Reached skill level 5 in Stealth
 12411 | Lair:2   | Noticed a four-headed hydra
 12418 | Lair:2   | Killed a four-headed hydra
 12418 | Lair:2   | Reached skill level 10 in Fighting
 12568 | Lair:2   | Noticed a seven-headed hydra
 12576 | Lair:2   | Killed a seven-headed hydra
 12576 | Lair:2   | Received a gift from Trog
 12895 | Lair:2   | Noticed an eight-headed hydra
 12903 | Lair:2   | Killed an eight-headed hydra
 12907 | Lair:2   | Reached skill level 13 in Polearms
 13444 | Lair:2   | Noticed Nergalle
 13454 | Lair:2   | Killed Nergalle
 13629 | Lair:3   | Reached XP level 12. HP: 99/107 MP: 11/11
 13721 | Lair:3   | Noticed Fannar
 13733 | Lair:3   | Killed Fannar
 14256 | Lair:3   | Noticed Rupert
 14268 | Lair:3   | Killed Rupert
 14268 | Lair:3   | Reached skill level 14 in Polearms
 14846 | Lair:4   | Found a staircase to the Snake Pit.
 14921 | Lair:4   | Reached ****** piety under Trog
 15072 | Lair:4   | Noticed a six-headed hydra
 15077 | Lair:4   | Killed a six-headed hydra
 15112 | Lair:4   | Noticed Maud
 15195 | Lair:4   | Killed Maud
 15195 | Lair:4   | Reached skill level 15 in Polearms
 15209 | Lair:4   | Noticed Josephine
 15275 | Lair:4   | Found a staircase to the Swamp.
 15306 | Lair:4   | Killed Josephine
 15306 | Lair:4   | Reached XP level 13. HP: 116/118 MP: 12/12
 15569 | Lair:4   | Received a gift from Trog
 15570 | Lair:4   | Got an encrusted great sword {god gift}
 15637 | Lair:1   | Identified the +3 great sword of Enkyw {slice, rPois rC+ MR+} (Trog gifted it to you on level 4 of the Lair of Beasts)
 17244 | Lair:6   | Received a gift from Trog
 17260 | Lair:6   | Reached skill level 5 in Crossbows
 17314 | Lair:6   | Found a staircase to the Slime Pits.
 17314 | Lair:6   | Found a viscous altar of Jiyva.
 17356 | Lair:6   | Reached skill level 16 in Polearms
 17853 | Lair:1   | Gained mutation: You evolve. [potion of mutation]
 17853 | Lair:1   | Gained mutation: You are clumsy. (Dex -2) [potion of mutation]
 17853 | Lair:1   | Gained mutation: You are frail (-10% HP). [potion of mutation]
 17855 | Lair:1   | Lost mutation: You are frail (-10% HP). [potion of cure mutation]
 17855 | Lair:1   | Lost mutation: You are clumsy. (Dex -2) [potion of cure mutation]
 17855 | Lair:1   | Lost mutation: You evolve. [potion of cure mutation]
 18283 | Lair:7   | Received a gift from Trog
 19484 | Lair:7   | Reached XP level 14. HP: 109/129 MP: 3/13
 19607 | Lair:7   | Found a shimmering altar of Xom.
 19939 | Lair:8   | Entered Level 8 of the Lair of Beasts
 20059 | Lair:8   | Received a gift from Trog
 20538 | Lair:8   | Received a gift from Trog
 20602 | Lair:8   | Reached skill level 17 in Polearms
 21649 | Lair:8   | Received a gift from Trog
 21915 | Lair:8   | Slain by a seven-headed hydra

Skill      XL: |  1  2  3  4  5  6  7  8  9 10 11 12 13 14 |
---------------+-------------------------------------------+-----
Polearms       | 4 5 6 8 9 11 13 15 16 17 | 17.4
Armour         | 1 2 3 5 6 7 8 |  8.2
Dodging        | 4 5 6 7 8 9 10 11 12 13 | 13.6
Fighting       | 3 4 5 6 7 9 10 12 13 14 | 14.2
Stealth        | 1 2 3 4 5 6 7 |  7.4
Throwing       | 3 |  3.4
Crossbows      | 1 2 4 5 |  5.3

Action                   |  1- 3 |  4- 6 |  7- 9 | 10-12 | 13-15 || total
-------------------------+-------+-------+-------+-------+-------++-------
Melee: Trident           |    91 |   151 |   329 |   288 |       ||   859
       Headbutt          |     8 |    27 |    49 |   113 |   108 ||   305
       Demon trident     |       |       |       |   382 |   225 ||   607
       Bardiche          |       |       |       |       |   376 ||   376
 Fire: Hand crossbow     |       |       |     7 |    24 |    23 ||    54
Throw: Throwing net      |       |     3 |     5 |       |       ||     8
Invok: Berserk           |       |     1 |     7 |    12 |    10 ||    30
       Burn Spellbooks   |       |     1 |       |     2 |       ||     3
       Brothers in Arms  |       |       |       |     2 |       ||     2
       Trog's Hand       |       |       |       |     1 |     1 ||     2
  Use: Potion            |       |     2 |       |     5 |     4 ||    11
       Scroll            |       |     1 |       |    12 |     8 ||    21
 Stab: Held in net/web   |       |     2 |       |       |       ||     2
       Sleeping          |       |     1 |     4 |     8 |    10 ||    23
       Distracted        |       |       |     1 |     4 |     6 ||    11
  Eat: Chunk             |       |    10 |    19 |    37 |    21 ||    87
       Pizza             |       |       |       |     1 |       ||     1
       Meat ration       |       |       |       |       |     2 ||     2
Armor: Leather armour    |    19 |    17 |    29 |    81 |   142 ||   288
Dodge: Dodged            |    45 |    61 |   165 |   317 |   529 ||  1117
